 Dungeon Crawl Stone Soup version 0.18-a0-1496-g27d3123 (webtiles) character file.

3192 KarvaRausku the Destroyer (level 9, -2/52 HPs)
             Began as a High Elf Conjurer on Mar 4, 2016.
             Was a Priest of Vehumet.
             Slain by a wolf (11 damage)
             ... on level 7 of the Dungeon.
             The game lasted 00:32:35 (7374 turns).

KarvaRausku the Destroyer (High Elf Conjurer)       Turns: 7374, Time: 00:32:35

Health: -2/52      AC:  7    Str:  8    XL:     9   Next: 64%
Magic:  6/19       EV: 15    Int: 19    God:    Vehumet [***...]
Gold:   433        SH:  0    Dex: 17    Spells: 6 memorised, 9 levels left

rFire  . . .     SeeInvis +     F - +3 falchion "Dofroata" {drain, *Rage +Rage rN++ SInv}
rCold  . . .     Gourm    .     N - +2 robe {rN+}
rNeg   + + +     Faith    .     (no shield)
rPois  .         Spirit   .     P - +0 helmet
rElec  .         Dismiss  .     t - +0 cloak
rCorr  .         Reflect  .     (no gloves)
SustAt .         Harm     .     L - +0 pair of boots
MR     .....     Rnd*Rage +     x - amulet of magic regeneration
Stlth  +++.......               A - ring of flight
                                q - ring of stealth

@: not resistant to hostile enchantments, fairly stealthy
A: clumsy 1, frail 1, low mp 1
a: Renounce Religion, Evoke Berserk Rage, Evoke Flight


You were on level 7 of the Dungeon.
You worshipped Vehumet.
Vehumet was most pleased with you.
You were hungry.

You visited 2 branches of the dungeon, and saw 9 of its levels.
You also visited: Sewer.

You collected 433 gold pieces.

Inventory:

Hand Weapons
 u - a +4 quarterstaff of chaos
 F - the +3 falchion "Dofroata" (weapon) {drain, *Rage +Rage rN++ SInv}
   (You found it on level 4 of the Dungeon)

   A truly terrible weapon, it drains the life of those it strikes.
   It greatly protects you from negative energy.
   It lets you see invisible.
   It lets you go berserk.
   It may make you go berserk in combat.
Armour
 a - a +0 robe
 t - a +0 cloak (worn)
 E - a +2 chain mail of fire resistance
 J - a +0 shield
 K - a +0 robe
 L - a +0 pair of boots (worn)
 N - a +2 robe of positive energy (worn)
 O - a +0 pair of boots
 P - a +0 helmet (worn)
 Q - the +7 chain mail of Hosuph {rPois rF- rC++ Dex+3}
   (You found it on level 7 of the Dungeon)

   It affects your dexterity (+3).
   It makes you vulnerable to fire.
   It greatly protects you from cold.
   It protects you from poison.
Jewellery
 q - a ring of stealth (left hand)
 x - an amulet of magic regeneration (around neck)
 A - a ring of flight (right hand)
 S - the ring "Plog" {rC+ Int+3, unknown}
   (You found it on level 7 of the Dungeon)

   [ring of protection from cold]

   It affects your intelligence (+3).
   It protects you from cold.
Wands
 k - a wand of hasting (9/9)
 v - a wand of iceblast (5/15)
 C - a wand of flame (1/48)
 G - a wand of iceblast (7/15)
 R - a wand of acid (5/15)
Scrolls
 e - 3 scrolls of recharging
 g - 5 scrolls of identify
 h - 2 scrolls of magic mapping {unknown}
 i - a scroll of random uselessness {unknown}
 l - 3 scrolls of remove curse
 m - 2 scrolls of noise {gossa painaa tätä nappia ;)., unknown}
 o - 3 scrolls of enchant weapon
 s - a scroll of amnesia {unknown}
 w - 2 scrolls of enchant armour {unknown}
 B - 2 scrolls of immolation {unknown}
 I - 4 scrolls of teleportation {unknown}
Potions
 j - 3 potions of might
 n - 4 potions of heal wounds
 p - 4 potions of ambrosia
 z - a potion of resistance {unknown}
 D - a potion of cancellation
 H - 2 potions of curing
Books
 b - a book of Conjurations

   Spells                             Type                      Level
   a - Magic Dart                     Conjuration                  1
   b - Searing Ray                    Conjuration                  2
   c - Dazzling Spray                 Conjuration/Hexes            3
   d - Fulminant Prism                Conjuration/Hexes            4
   e - Iskenderun's Mystic Blast      Conjuration                  4
   f - Iskenderun's Battlesphere      Conjuration/Charms           5
 y - a book of Battle

   Spells                             Type                      Level
   a - Infusion                       Charms                       1
   b - Shroud of Golubria             Charms/Translocation         2
   c - Song of Slaying                Charms                       2
   d - Spectral Weapon                Hexes/Charms                 3
   e - Regeneration                   Charms/Necromancy            3
 T - a book of Maledictions

   Spells                             Type                      Level
   a - Corona                         Hexes                        1
   b - Ensorcelled Hibernation        Hexes/Ice                    2
   c - Confuse                        Hexes                        3
   d - Tukima's Dance                 Hexes                        3
   e - Dazzling Spray                 Conjuration/Hexes            3
Miscellaneous
 f - a plain deck of wonders
Comestibles
 c - 4 bread rations
 d - 3 beef jerkies
 r - a chunk of flesh
 M - a royal jelly
 U - a meat ration


   Skills:
 + Level 3.8 Fighting
 + Level 4.5 Long Blades
 + Level 4.9 Dodging
 - Level 2.1 Stealth
 + Level 7.6 Spellcasting
 * Level 9.6 Conjurations
 * Level 6.6 Charms


You had 9 spell levels left.
You knew the following spells:

 Your Spells              Type           Power        Failure   Level  Hunger
a - Magic Dart            Conj           ####         1%          1    None
b - Searing Ray           Conj           #####.       1%          2    None
c - Iskenderun's Battles  Conj/Chrm      #####...     3%          5    #####..
d - Shroud of Golubria    Chrm/Tloc      ###.......   4%          2    None
e - Regeneration          Chrm/Necr      ###.......   10%         3    #......
f - Freeze                Ice            #...         3%          1    None


Dungeon Overview and Level Annotations

Branches:
Dungeon (8/15)             Temple (1/1) D:7
   Lair: D:8-11

Altars:
Ashenzari
Cheibriados
Dithmenos
Elyvilon
Fedhas
Gozag
Kikubaaqudgha
Makhleb
Nemelex Xobeh
Okawaru
Pakellas
Qazlal
Ru
Sif Muna
Trog
Vehumet
Xom
Yredelemnul
Zin
The Shining One

Annotations:
D:7 Duskembrace's ghost, novice SpEn


Innate Abilities, Weirdness & Mutations

You are clumsy. (Dex -2)
You are frail (-10% HP).
Your magical capacity is low (-10% MP).


Message History

The wolf completely misses you. The wolf closely misses you.
A wolf comes into view.
There is a stone staircase leading up here.
The hound bites you. The wolf closely misses you.
The hound bites you but does no damage.
You climb upwards.
Level annotation: Duskembrace's ghost, novice SpEn
There is a stone staircase leading down here.
Unknown command.
Casting: Searing Ray
Confirm with . or Enter, or press ? or * to list all spells.
Aiming: Searing Ray
Press: ? - help, Shift-Dir - straight line, f - wolf
Aim: a wolf The searing ray hits the wolf.
The wolf is lightly wounded.
The wolf bites you!
* * * LOW HITPOINT WARNING * * *
The hound closely misses you. The wolf bites you!
You die...

#.# ###..##.##..
#.#
##.......##.#
#.#
#...........#
#.###
####............
#...#
#.............#.
###.#
#.###.........#.
#.# ##.#
######....#.
#.###h[#
####......
#.##@.##
#.........
####.##h##
#.).......
#.......#
#.........
##.####..#
######...#
######8.8#######
####..##
...............#
#.......
............§§.#
#.......
...............#
#.......
§..§§..........#
#.......


You could see a wolf and a hound.

Vanquished Creatures
  A troll (D:8)
  Prince Ribbit (D:5)
  Eustachio (D:4)
  Menkaure (D:7)
  Duvessa (D:5)
  2 black bears (D:6)
  2 orc warriors
  An ogre (D:5)
  A phantom (D:6)
  A centaur (D:5)
  A big kobold (D:4)
  Dowan (D:5)
  3 scorpions
  A killer bee (D:4)
  A jelly (D:5)
  3 wights (D:6)
  3 electric eels
  4 crimson imps
  5 orc priests
  A centaur skeleton (D:3)
  3 hounds
  2 giant frog skeletons (D:6)
  3 orc wizards
  Crazy Yiuf (D:2)
  Ijyb (D:2)
  Natasha (D:2)
  2 iguanas
  4 worker ants
  A hound zombie (D:7)
  2 hound skeletons (D:5)
  11 adders
  14 gnolls
  A shadow imp (D:5)
  2 oozes
  An adder skeleton (D:6)
  4 worms
  A dart slug (D:1)
  4 giant geckos
  21 orcs
  3 ball pythons
  4 giant cockroaches
  9 goblins
  8 hobgoblins
  11 jackals
  8 kobolds
  6 quokkas
  4 bats
  A giant gecko zombie (D:6)
  5 giant newts
  A jackal zombie (D:6)
  5 rats
  A plant (Sewer)
180 creatures vanquished.

Notes
Turn   | Place    | Note
--------------------------------------------------------------
     0 | D:1      | KarvaRausku the High Elf Conjurer began the quest for the Orb.
     0 | D:1      | Reached XP level 1. HP: 11/11 MP: 4/4
    40 | D:1      | Found a sparkling altar of Nemelex Xobeh.
   321 | D:1      | Reached XP level 2. HP: 17/17 MP: 2/6
  1108 | D:2      | Noticed Crazy Yiuf
  1121 | D:2      | Killed Crazy Yiuf
  1121 | D:2      | Reached skill level 5 in Conjurations
  1121 | D:2      | Reached XP level 3. HP: 21/21 MP: 1/9
  1157 | D:2      | Noticed Ijyb
  1206 | D:2      | Killed Ijyb
  1206 | D:2      | Reached XP level 4. HP: 10/27 MP: 0/11
  1356 | D:2      | Learned a level 2 spell: Searing Ray
  1678 | D:2      | Reached XP level 5. HP: 31/31 MP: 6/12
  1777 | D:2      | Noticed Natasha
  1784 | D:2      | Killed Natasha
  1784 | D:2      | Reached skill level 6 in Conjurations
  2215 | D:3      | Reached skill level 5 in Spellcasting
  2320 | D:3      | Found a burning altar of Makhleb.
  2320 | D:3      | Found a radiant altar of Vehumet.
  2324 | D:3      | Reached XP level 6. HP: 36/36 MP: 10/14
  2332 | D:3      | Became a worshipper of Vehumet
  2922 | D:4      | Reached skill level 7 in Conjurations
  3088 | D:4      | Noticed Eustachio
  3111 | D:4      | Learned a level 5 spell: Iskenderun's Battlesphere
  3114 | D:4      | Learned a level 2 spell: Shroud of Golubria
  3118 | D:4      | Learned a level 3 spell: Regeneration
  3136 | D:4      | Killed Eustachio
  3136 | D:4      | Reached skill level 1 in Fighting
  3136 | D:4      | Reached skill level 1 in Charms
  3136 | D:4      | Reached XP level 7. HP: 13/43 MP: 4/17
  3265 | D:4      | Got an ancient falchion
  3266 | D:4      | Identified the cursed +3 falchion "Dofroata" {drain, *Rage +Rage rN++ SInv} (You found it on level 4 of the Dungeon)
  3556 | D:5      | Entered Level 5 of the Dungeon
  3633 | D:5      | Found a white marble altar of Elyvilon.
  3634 | D:5      | Found a glowing golden altar of the Shining One.
  3635 | D:5      | Found a glowing silver altar of Zin.
  3660 | D:5      | Reached skill level 1 in Long Blades
  3706 | D:5      | Noticed Prince Ribbit
  3720 | D:5      | Killed Prince Ribbit
  3738 | D:5      | Reached XP level 8. HP: 40/50 MP: 14/18
  3784 | D:5      | Reached * piety under Vehumet
  3784 | D:5      | Offered knowledge of Flame Tongue by Vehumet.
  3868 | D:5      | Reached skill level 8 in Conjurations
  3898 | D:5      | Found a shimmering altar of Xom.
  3898 | D:5      | Found a shimmering altar of Xom.
  3898 | D:5      | Found a shimmering altar of Xom.
  3899 | D:5      | Found a shimmering altar of Xom.
  3899 | D:5      | Found a shimmering altar of Xom.
  3901 | D:5      | Found a shimmering altar of Xom.
  4014 | D:5      | Found a glowing drain.
  4037 | Sewer    | Entered a sewer
  4825 | D:5      | Noticed Duvessa
  4825 | D:5      | Noticed Dowan
  4836 | D:5      | Killed Duvessa
  4842 | D:5      | Killed Dowan
  4879 | D:5      | Found a sparkling altar of Nemelex Xobeh.
  4880 | D:5      | Found an opulent altar of Gozag.
  4938 | D:5      | Found a sacrificial altar of Ru.
  4939 | D:5      | Found a snail-covered altar of Cheibriados.
  5515 | D:6      | Reached ** piety under Vehumet
  5515 | D:6      | Offered knowledge of Freeze by Vehumet.
  5525 | D:6      | Learned a level 1 spell: Freeze
  5638 | D:6      | Reached skill level 5 in Charms
  5690 | D:6      | Reached XP level 9. HP: 43/56 MP: 12/20
  6089 | D:6      | Offered knowledge of Stone Arrow by Vehumet.
  6089 | D:6      | Reached skill level 9 in Conjurations
  6459 | D:7      | Reached *** piety under Vehumet
  6566 | D:7      | Noticed Menkaure
  6571 | D:7      | Killed Menkaure
  6610 | D:7      | Got a sparkling lead ring
  6642 | D:7      | Noticed Duskembrace's ghost (novice SpEn)
  6645 | D:7      | Found a blossoming altar of Fedhas.
  6645 | D:7      | Found a basalt altar of Yredelemnul.
  6842 | D:6      | Gained mutation: You are frail (-10% HP). [potion of mutation]
  6842 | D:6      | Gained mutation: Your magical capacity is low (-10% MP). [potion of mutation]
  6842 | D:6      | Gained mutation: You are clumsy. (Dex -2) [potion of mutation]
  6941 | D:7      | Found a staircase to the Ecumenical Temple.
  6950 | Temple   | Entered the Ecumenical Temple
  7284 | D:7      | Got a faintly humming chain mail
  7310 | D:8      | Identified the +7 chain mail of Hosuph {rPois rF- rC++ Dex+3} (You found it on level 7 of the Dungeon)
  7361 | D:8      | Noticed a troll
  7367 | D:8      | Killed a troll
  7374 | D:7      | Slain by a wolf

Vault maps used:
D:1:      dpeg_arrival_arbitrary_b, nemelex_deck
D:2:      grunt_decor_one_mirror, uniq_iyjb, uniq_crazy_yiuf_cottage,
          uniq_natasha
D:3:      grunt_temple_overflow_lords_of_destruction, first_bread
D:4:      uniq_eustachio
D:5:      grunt_temple_overflow_opulence, good_gods_temple_1, xom_redecorated,
          gammafunk_temple_overflow_pools, portal_sewer_entry_f,
          grunt_ministairs_15, uniq_duvessa, uniq_prince_ribbit1
D:6:      dk_noncrumbling_3, hangedman_decor_push, serial_bayou_pond_b
D:7:      grunt_temple_overflow_open, lemuel_temple_firewalk_marked,
          uniq_menkaure
D:8:      hangedman_cross_stitches, erik_lair_island
Temple:   jpeg_temple_alley_garden_8
Sewer:    sewer_co_scattered_pipes

Skill      XL: |  1  2  3  4  5  6  7  8  9 |
---------------+----------------------------+-----
Spellcasting   | 3 4 5 6 7 |  7.6
Conjurations   | 5 6 7 8 9 |  9.6
Fighting       | 1 2 3 |  3.8
Charms         | 1 2 5 6 |  6.6
Dodging        | 3 4 |  4.9
Long Blades    | 1 3 4 |  4.5
Stealth        | |  2.1

Action                   |  1- 3 |  4- 6 |  7- 9 || total
-------------------------+-------+-------+-------++-------
Melee: Unarmed           |     1 |       |       ||     1
       Quarterstaff      |     1 |       |     1 ||     2
       Falchion          |       |       |   152 ||   152
 Cast: Magic Dart        |    61 |    64 |    99 ||   224
       Searing Ray       |       |    31 |    54 ||    85
       Shroud of Golubri |       |     1 |       ||     1
       Iskenderun's Batt |       |       |     9 ||     9
       Regeneration      |       |       |     1 ||     1
 Abil: Evoke Flight      |       |       |     2 ||     2
  Use: Potion            |       |       |     6 ||     6
       Scroll            |       |       |     7 ||     7
 Stab: Sleeping          |       |       |     3 ||     3
  Eat: Chunk             |       |     7 |    13 ||    20
       Meat ration       |       |       |     1 ||     1
